Cogmind - Beta 15 @@@ ROGUE MODE // 2025.06.07 @ 10:16:23 Player: Wyvric Result: Destroyed by as-61828 with Assembled Blade Performance ------------- Evolutions (0) 0 Regions Visited (4) 800 Robots Destroyed (40) 200 Value Destroyed (774) 774 Prototype IDs (6) 120 Alien Tech Used (0) 0 Bonus (0) 0 TOTAL SCORE: 1894 Bonus ------- None Cogmind --------- Core Integrity 0/250 Matter 201/300 Energy 100/100 System Corruption 0% Temperature Cool (57) Movement Rolling (130) Ox2 Location -9/Mines Parts ------- > --- POWER (1) -------- (None) > --- PROPULSION (2) --- Compact Wheel > --- UTILITY (2) ------ High-capacity Storage Unit Light Armor Plating > --- WEAPON (2) ------- Grenade Launcher > --- INVENTORY (20) --- Cooled Ion Engine Wheel Wheel Humpback Humpback Large Matter Pod (150) Seismic Detector Light Armor Plating Light Armor Plating Light Armor Plating EM Pulse Gun EM Pulse Gun Assault Rifle Assault Rifle Assault Rifle Grenade Launcher Grenade Launcher Plasma Cutter Peak State ------------ > --- POWER ------------ Cooled Ion Engine > --- PROPULSION ------- Compact Wheel Compact Wheel > --- UTILITY ---------- High-capacity Storage Unit Light Armor Plating > --- WEAPON ----------- Assault Rifle Assault Rifle > --- INVENTORY -------- Cooled Ion Engine Light Nuclear Core Light Treads Seismic Detector Light Armor Plating Light Armor Plating Light Armor Plating Light Armor Plating Light Armor Plating Light Armor Plating Assault Rifle Assault Rifle Grenade Launcher Grenade Launcher Plasma Cutter [Rating: 11] Favorites ----------- Power Light Nuclear Core Engine Cooled Ion Engine Power Core Light Nuclear Core Propulsion Wheel Treads Light Treads Wheel Wheel Utility Light Armor Plating Device Seismic Detector Storage High-capacity Storage Unit Processor Targeting Computer Protection Light Armor Plating Weapon Assault Rifle Ballistic Gun Assault Rifle Launcher Grenade Launcher Build | -11 -10 -10 -10 -9 ------- Run | Yrd Mat Min Exi Min Slots Evolved . | . . . . . Power . | . . . . . Propulsion . | . . . . . Utility . | . . . . . Weapon . | . . . . . Parts Attached 28 | 7 16 1 4 . Power 4 | 1 3 . . . Engine 3 | 1 2 . . . Core 1 | . 1 . . . Reactor . | . . . . . Propulsion 11 | 2 6 1 2 . Treads 3 | 2 1 . . . Leg . | . . . . . Wheel 8 | . 5 1 2 . Hover . | . . . . . Flight . | . . . . . Utility 6 | 2 3 . 1 . Device 1 | 1 . . . . Storage 2 | 1 1 . . . Processor 1 | . 1 . . . Hackware . | . . . . . Protection 2 | . 1 . 1 . Artifact . | . . . . . Weapon 7 | 2 4 . 1 . Energy Gun . | . . . . . Energy Cannon . | . . . . . Ballistic Gun 5 | 2 3 . . . Ballistic Cannon . | . . . . . Launcher 2 | . 1 . 1 . Special Weapon . | . . . . . Impact Weapon . | . . . . . Slashing Weapon . | . . . . . Piercing Weapon . | . . . . . Special Melee Weapon . | . . . . . Unidentified Prototypes 1 | . 1 . . . Parts Lost 8 | . 5 . . 3 Power 2 | . 1 . . 1 Propulsion 4 | . 3 . . 1 Utility . | . . . . . Weapon 2 | . 1 . . 1 Highest Loss Streak 3 | . 2 . . 3 To Critical Strikes . | . . . . . Average Backups 13 | 3 12 20 18 18 Power 1 | . 1 1 1 1 Propulsion 2 | 1 1 3 2 2 Utility 5 | . 4 8 7 7 Weapon 4 | . 3 7 7 7 Tool/Special . | . . . . . Unused Backups 19 | . 4 . 3 12 Power 2 | . 1 . . 1 Propulsion 3 | . 3 . . . Utility 9 | . . . 3 6 Weapon 4 | . . . . 4 Tool/Special 1 | . . . . 1 Average Slot Usage (%) 97 | . 95 100 100 100 Engine 5 | . 7 . . . Core 8 | . 6 14 14 14 Treads 5 | . 8 . . . Wheel 19 | . 16 28 28 28 Storage 14 | . 14 14 14 14 Processor 3 | . 4 . . . Protection 9 | . 8 14 13 8 Ballistic Gun 25 | . 27 28 22 . Launcher 2 | . . . 5 28 Peak Build Rating 11 | 7 11 11 11 11 Average Rating 9 | 5 9 11 10 10 On Entrance 8 | . 7 11 11 11 Naked Turns . | . . . . . Heaviest Build 55 | 13 55 52 54 54 Greatest Support 40 | 40 40 20 32 32 Greatest Overweight (x) 5 | . 5 2 2 1 Average Overweight (x) 1 | . 1 2 1 1 Largest Inventory Capacity 20 | 8 20 20 20 20 Average Capacity 15 | 7 14 20 20 20 Most Carried 20 | 8 20 20 20 20 Average Carried 13 | 3 12 20 19 20 Final Capacity 20 | 8 20 20 20 20 Final Carried 20 | 8 20 20 20 20 Class Distribution -------------------- 97% | Mutant Dominant Class ---------------- Mutant | -10/Materials Mutant | -10/Mines Mutant | -10/Exiles Scavenger-Mutant | -9/Mines Resources | -11 -10 -10 -10 -9 ----------- Run | Yrd Mat Min Exi Min Matter Collected 1305 | 186 830 23 260 6 Remotely . | . . . . . Salvage Created 1087 | 96 955 17 . 19 Parts 77 | 11 59 2 . 5 Haulers Intercepted 1 | . 1 . . . Recyclers Shooed 1 | . 1 . . . Parts Field Recycled . | . . . . . Retrieved Matter . | . . . . . Parts Self-Destructed . | . . . . . Prevented . | . . . . . Kills | -11 -10 -10 -10 -9 ------- Run | Yrd Mat Min Exi Min Combat Hostiles Destroyed 27 | . 23 . . 4 Guns 17 | . 17 . . . AOE 10 | . 6 . . 4 Classes Destroyed 6 | 3 3 . . . Worker 7 | 2 4 1 . . Tunneler 1 | 1 . . . . Hauler 1 | . 1 . . . Recycler 4 | 1 3 . . . Swarmer 10 | . 6 . . 4 Grunt 17 | . 17 . . . Best Kill Streak 6 | 2 6 1 . 4 Combat Bots Only 6 | . 6 . . 4 Max Kills in Single Turn 4 | 1 2 1 . 4 Gunslinging . | . . . . . Exploded 4 | . 2 . . 4 Melee . | . . . . . Uniques/NPCs Destroyed . | . . . . . Combat | -11 -10 -10 -10 -9 -------- Run | Yrd Mat Min Exi Min Hostile Shots Fired 132 | . 119 . . 13 Missed 32 | . 29 . . 3 Hits 100 | . 90 . . 10 Melee 4 | . . . . 4 Projectile 96 | . 90 . . 6 Damage Taken 1198 | . 960 . . 238 Core 267 | . 227 . . 40 Absorbed by Shields . | . . . . . Regen/Repaired (Parts) 83 | . 83 . . . Core Remaining (%) 100 | 100 . . . . Volleys Fired 99 | 5 88 1 . 5 Largest 2 | 2 2 2 . 2 Hottest 60 | 40 40 40 . 60 Shots Fired 188 | 10 166 2 . 10 Gun 168 | 10 156 2 . . Cannon . | . . . . . Launcher 20 | . 10 . . 10 Special . | . . . . . Kinetic 168 | 10 156 2 . . Thermal . | . . . . . Explosive 20 | . 10 . . 10 Electromagnetic . | . . . . . Robot Hit Streak 8 | 2 8 2 . . Robot Miss Streak 4 | 1 4 . . 2 Penetration Max . | . . . . . Secondary Targets 1 | . 1 . . . Max Gunslinging Chain 1 | . 1 . . . Shots Hit Robots 100 | 5 94 1 . . Core Hits 75 | 5 53 1 . 16 Critical Kills . | . . . . . Critical Parts Destroyed 1 | . 1 . . . Critical Strikes 1 | . 1 . . . Destroy 1 | . 1 . . . Melee Attacks . | . . . . . Impact . | . . . . . Slashing . | . . . . . Piercing . | . . . . . Sneak Attacks . | . . . . . Combat Hostiles . | . . . . . Follow-up Attacks . | . . . . . Damage Inflicted 2165 | 83 1799 12 . 271 Guns 1327 | 83 1232 12 . . Cannons . | . . . . . Explosions 838 | . 567 . . 271 Melee . | . . . . . Ramming . | . . . . . Kinetic 1327 | 83 1232 12 . . Thermal . | . . . . . Explosive 838 | . 567 . . 271 Electromagnetic . | . . . . . Impact . | . . . . . Slashing . | . . . . . Piercing . | . . . . . Highest Corruption . | . . . . . Average Corruption . | . . . . . Corruption Purged . | . . . . . Corruption Blocked . | . . . . . Overload Shots . | . . . . . Overflow Damage 86 | . 86 . . . Projectiles . | . . . . . Explosions 86 | . 86 . . . Melee . | . . . . . Knockbacks . | . . . . . Impact . | . . . . . Kinetic . | . . . . . Secondary . | . . . . . Self-Inflicted Damage 85 | . 47 . . 38 Shots 5 | . 4 . . 1 Rammed . | . . . . . Targets Rammed . | . . . . . Kicked . | . . . . . Crushed . | . . . . . Highest Temperature 61 | . 44 . . 61 Average Temperature 21 | . 18 . . 26 Received Heat Transfer 406 | . 366 . . 40 Siege Activations . | . . . . . Martial Activations . | . . . . . Shielding Activations . | . . . . . Robots Disrupted . | . . . . . Combat Hostiles . | . . . . . Robots Corrupted . | . . . . . Combat Hostiles . | . . . . . Parts Fried . | . . . . . Impact Corruptions . | . . . . . Robots Melted . | . . . . . Combat Hostiles . | . . . . . Parts Melted . | . . . . . Heat Transferred . | . . . . . Parts Sabotaged . | . . . . . Parts Stolen . | . . . . . Parts Stripped . | . . . . . Power Chain Reactions . | . . . . . Alert | -11 -10 -10 -10 -9 ------- Run | Yrd Mat Min Exi Min Maximum Alert Level 1 | . 1 . . . Low Security (%) 79 | 100 75 100 . 100 Level 1 20 | . 24 . . . Level 2 . | . . . . . Level 3 . | . . . . . Level 4 . | . . . . . Level 5 . | . . . . . High Security . | . . . . . Max Security . | . . . . . Peak Influence 271 | 10 271 92 . 112 Initial 87 | . 6 87 . . Average 116 | 1 127 81 . 94 Influence Increases 900 | 20 741 5 . 134 Destroy 0b10 Robot/C 540 | . 460 . . 80 Destroy 0b10 Robot/NC 65 | 20 40 5 . . Destroy Leader 102 | . 92 . . 10 Successful Hack 29 | . 29 . . . Select Force Hacks 30 | . 30 . . . Disable Machine 45 | . 30 . . 15 Destroy Structure 74 | . 45 . . 29 Lose Combat Pursuer 15 | . 15 . . . Influence Decreases 836 | 10 526 158 72 70 Entered New Map 214 | . 4 138 72 . Time Decay 542 | 10 472 20 . 40 Lost Part 80 | . 50 . . 30 Squads Dispatched 5 | . 5 . . . Investigation 3 | . 3 . . . Extermination . | . . . . . Reinforcement 2 | . 2 . . . Assault . | . . . . . Garrison . | . . . . . Intercept . | . . . . . Searches Triggered . | . . . . . Construction Impeded . | . . . . . Haulers Reinforced . | . . . . . Active Scanning Responses . | . . . . . Cargo Convoy Interrupts . | . . . . . Stealth | -11 -10 -10 -10 -9 --------- Run | Yrd Mat Min Exi Min Distress Signals . | . . . . . Communications Jammed . | . . . . . Distress Signals . | . . . . . Times Spotted 38 | . 32 . . 6 Peak Tracking Total 6 | . 4 . . 6 Tactical Retreats 1 | . 1 . . . Traps | -11 -10 -10 -10 -9 ------- Run | Yrd Mat Min Exi Min Traps Triggered 6 | . 6 . . . Indirectly . | . . . . . Trap Hack Attempts . | . . . . . Triggered . | . . . . . Disarmed . | . . . . . Reprogrammed . | . . . . . Reused . | . . . . . Traps Extracted . | . . . . . Installed . | . . . . . Triggered . | . . . . . Machines | -11 -10 -10 -10 -9 ---------- Run | Yrd Mat Min Exi Min Machines Disabled 3 | . 2 . . 1 Max in Single Turn 1 | . 1 . . 1 Machines Repaired . | . . . . . Machines Dismantled . | . . . . . Machines Sabotaged . | . . . . . Overloaded Fab Kills . | . . . . . Hacking | -11 -10 -10 -10 -9 --------- Run | Yrd Mat Min Exi Min Machines Accessed 12 | . 8 . 4 . Terminals 6 | . 6 . . . Fabricators . | . . . . . Repair Stations 1 | . 1 . . . Recycling Units 1 | . 1 . . . Scanalyzers . | . . . . . Garrison Access . | . . . . . Total Hacks 37 | . 33 . 4 . Successful 25 | . 21 . 4 . Failed 12 | . 12 . . . Catastrophic 1 | . 1 . . . Database Lockouts . | . . . . . Manual 25 | . 25 . . . Terminals 30 | . 30 . . . Fabricators . | . . . . . Repair Stations 2 | . 2 . . . Recycling Units 1 | . 1 . . . Scanalyzers . | . . . . . Garrison Access . | . . . . . Terminal Hacks 10 | . 6 . 4 . Record 4 | . . . 4 . Robot Analysis 2 | . 2 . . . Prototype ID Bank 3 | . 3 . . . Terminal Index 1 | . 1 . . . Fabricator Hacks . | . . . . . Repair Station Hacks 2 | . 2 . . . Scan Component 1 | . 1 . . . Repair 1 | . 1 . . . Recycling Unit Hacks . | . . . . . Scanalyzer . | . . . . . Garrison Access Hacks . | . . . . . Unauthorized Hacks 13 | . 13 . . . Terminals 12 | . 12 . . . Botnet 6 | . 6 . . . Skim 6 | . 6 . . . Fabricators . | . . . . . Repair Stations . | . . . . . Recycling Units 1 | . 1 . . . Tunnel 1 | . 1 . . . Scanalyzers . | . . . . . Garrison Access . | . . . . . Data Cores Recovered . | . . . . . Used . | . . . . . Hacking Detections 6 | . 6 . . . Full Trace Events . | . . . . . Feedback Events . | . . . . . Feedback Blocked . | . . . . . Robot Schematics Acquired . | . . . . . Robots Built . | . . . . . Authchips . | . . . . . Time . | . . . . . Total Robot Build Rating . | . . . . . Part Schematics Acquired . | . . . . . Parts Built . | . . . . . Authchips . | . . . . . Time . | . . . . . Total Part Build Rating . | . . . . . Parts Repaired 1 | . 1 . . . Time 26 | . 26 . . . Parts Recycled . | . . . . . Recycled Matter . | . . . . . Retrieved Matter . | . . . . . Retrieved Components . | . . . . . Parts Scanalyzed . | . . . . . Part Schematics Acquired . | . . . . . Parts Damaged . | . . . . . Bothacking | -11 -10 -10 -10 -9 ------------ Run | Yrd Mat Min Exi Min Used RIF Installer . | . . . . . Robots Hacked . | . . . . . Non-combat . | . . . . . Combat . | . . . . . Robot Hacks Applied . | . . . . . Relay Couplers Released . | . . . . . Fabnet Peak Effective % . | . . . . . Robots Rewired . | . . . . . Allies Hacked . | . . . . . Hacks Repelled . | . . . . . Allies | -11 -10 -10 -10 -9 -------- Run | Yrd Mat Min Exi Min Total Allies . | . . . . . Largest Group . | . . . . . Highest-Rated Group . | . . . . . Highest-Rated Ally . | . . . . . Total Orders . | . . . . . Ally Attacks . | . . . . . Total Damage . | . . . . . Kills . | . . . . . Allies Corrupted . | . . . . . Allies Melted . | . . . . . Intel | -11 -10 -10 -10 -9 ------- Run | Yrd Mat Min Exi Min Active Infowar (turns) 148 | 31 68 . 5 44 Seismic 148 | 31 68 . 5 44 Robot Analysis Total 2 | . 2 . . . Derelict Logs Recovered . | . . . . . Drone Launches . | . . . . . Drone Recoveries . | . . . . . Exploration | -11 -10 -10 -10 -9 ------------- Run | Yrd Mat Min Exi Min Turns Passed 2357 | 113 1576 57 514 97 Spaces Moved 1426 | 51 846 48 451 30 Core 2 | 1 1 . . . Treads 278 | 50 228 . . . Legs . | . . . . . Wheels 1146 | . 617 48 451 30 Hover . | . . . . . Flight . | . . . . . Fastest Speed 50 | 50 100 110 110 115 Average Speed 124 | 157 131 110 110 115 Slowest Speed 250 | 160 250 110 115 115 Overloaded Moves . | . . . . . Propulsion Burnouts . | . . . . . Robots Hopped . | . . . . . Potential Cave-ins . | . . . . . Cave-ins Triggered . | . . . . . Exploration Rate (%) 38 | 5 91 16 72 6 Regions Visited 4 Branch Regions 3 Pre-discovered Areas 3 | . 3 . . . Known Exits Taken 1 | . . 1 . . Unknown Exits Taken 3 | 1 1 . 1 . Scrap Searched . | . . . . . Spaces Dug 29 | . 8 . . 21 Terrain Destroyed 115 | . 49 . . 66 Melee . | . . . . . Projectile . | . . . . . AOE 115 | . 49 . . 66 Terrain Rammed . | . . . . . Walls Destroyed . | . . . . . Machines Disabled . | . . . . . Actions | -11 -10 -10 -10 -9 --------- Run | Yrd Mat Min Exi Min Total 1804 | 70 1138 50 465 81 Wait 181 | . 137 . . 44 Move 1422 | 50 845 47 450 30 Hop . | . . . . . Pick Up 35 | 8 24 . 3 . Fast Attach 20 | 7 13 . . . Attach 6 | . 5 . 1 . Detach . | . . . . . Swap 22 | . 13 1 6 2 Drop 19 | . 13 1 5 . Fire 99 | 5 88 1 . 5 Melee . | . . . . . Ram . | . . . . . Kick . | . . . . . Crush . | . . . . . Escape Stasis . | . . . . . Rewire . | . . . . . Trap . | . . . . . Miscellaneous . | . . . . . Route ------- -11/Scrapyard -10/Materials (discovered 5 exits: *Mat x3 / [*Min] / *Sub) -10/Mines (discovered 2 exits: Mat / *Exi) -10/Exiles -9/Mines History --------- Turn | Location | Event 2 | -11/Scrapyard | Met Revision 17 8 | -11/Scrapyard | Discovered new exit (range 15) 114 | -11/Scrapyard | Entered Materials 304 | -10/Materials | Build established: Mutant 328 | -10/Materials | Discovered new exit (range 4) 539 | -10/Materials | Discovered new exit (range 16) 777 | -10/Materials | Discovered new exit (range 11) 930 | -10/Materials | Repaired Lgt. Treads 970 | -10/Materials | Core integrity fell below 50% 1045 | -10/Materials | Discovered new exit (range 9) 1125 | -10/Materials | Learned location of 2 exits from Mines 1177 | -10/Materials | Identified exit to Subcaves 1177 | -10/Materials | Learned location of 1 exit from Materials 1188 | -10/Materials | Learned location of Storage (-7) 1189 | -10/Materials | Learned 4 Recycling zone layouts 1393 | -10/Materials | Core integrity fell below 20% 1690 | -10/Materials | Entered Mines 1691 | -10/Mines | Identified exit to Materials 1691 | -10/Mines | Identified exit to Exiles 1742 | -10/Mines | Deemed a non-threat by the Exiles lab entrance 1747 | -10/Mines | Entered Exiles 1747 | -10/Exiles | Found Exiles lab abandoned 2143 | -10/Exiles | Discovered new exit (range 14) 2261 | -10/Exiles | Entered Mines 2281 | -9/Mines | Assembled infested the area 2286 | -9/Mines | Assisted by a Guerilla fighting off Assembled 2358 | -9/Mines | Destroyed by as-61828 with Assembled Blade Last Messages --------------- 02195_ Acquired Lrg. Matter Pod. 02227_ Extracted 60 matter. LOCATION=UNKNOWN GOAL=ESCAPE 02261_ S-10 Pest destroyed. 02261_ Laser Drill disabled. 02261_ S-10 Pest destroyed. 02269_ Acquired 6 matter. 02281_ ALERT: Infestation in the mines, dispatching Demolisher response squad. 02286_ A derelict emerges from the shadows: "You need to get out of here! I've been tracking a group of Assembled to figure out where they're coming from, and they're closing on this area, come on!" 02289_ The unstable cave ceiling collapses. 02351_ as-46431 destroyed. 02351_ Com. Wheel destroyed. 02354_ Lgt. Nuclear Core destroyed. 02356_ Grenade Launcher destroyed. Map ----- +----------------------------------------------------+ | | | | | | | | | | | | | | | | | ?????????????????????????????????? | | ?????????????????????????????????? | | ?????????????????????????????????? | | ?????????????????????????????????? | | ?????????????????????????????????? | | ?????????????????????????????????? | | ?????????????????????????????????? | | ?????????????????????????????????? | | ???????????#######???????????????? | | ???######## #???????????????? | | ???# #???????????????? | | ???#=""" #####???????????? | | ?# # " #???????????? | | ?# [ #???????????? | | ?# * #???????????? | | ?# # = a #???????????? | | ?# a a ????????????? | | ?## @a # #?????????????? | | ??#### a ## #?????????????? | | ?????#########?? ##?????????????? | | ???????????????? =#?????????????? | | ?????????????????!%* ????????????? | | ?????????????????!="# ???????????? | | ?????????????????? ##? ??????????? | | ?????????????????? #???%?????????? | | ???????????????????#???? ????????? | | ?????????????????????????#???????? | | ?????????????????????????????????? | | ?????????????????????????????????? | | ?????????????????????????????????? | | ?????????????????????????????????? | | ?????????????????????????????????? | | ?????????????????????????????????? | | ?????????????????????????????????? | | ?????????????????????????????????? | | ?????????????????????????????????? | | ?????????????????????????????????? | | ?????????????????????????????????? | | ?????????????????????????????????? | | ?????????????????????????????????? | | ?????????????????????????????????? | | ?????????????????????????????????? | +----------------------------------------------------+ Best States ------------- Heat Dissipation 25 Energy Generation 14 Energy Capacity 280 Matter Stores 300 Matter Capacity 300 Sight Range 16 Terrain Scan Density 10 Armor Coverage 150 Evasion (%) 40 Targeting Accuracy 5 Recoil Reduction 2 Item Schematics ----------------- None Robot Schematics ------------------ None Fabricated ------------ Nothing Repaired ---------- Lgt. Treads | 40% | -10/Materials Alien Tech Used ----------------- None Achievements -------------- None Challenges ------------ None Game ------ Seed NullCoolingNanovents Manual? 0 Play Time 00:14:26 Cumulative 703.4 hours Start 2025.06.07 @ 10:01:26 End 2025.06.07 @ 10:16:23 Sessions 1 Manual Loads 0 Difficulty Rogue Special Mode None Game No. 158 Rogue 158 Adventurer 0 Explorer 0 Win Type - Total 43 Types 12/6/9/2/1/1/8/2/1/1 Lore% 69 Gallery% 85 Achievement% 82 Wizard Run 0 Options --------- Layout 1 ASCII 0 Keyboard 0 Movement Mouse Keybinds 0 Fullscreen 2 Font 24/Smallcaps Map View 50x35 Zoom Use 0% Tactical HUD 1 Map Filters NONE Filters NONE Steam 1 RUN: a9398e65-a560-4787-99b8-f91ad70743fd